cohdb
Replays
Latest Replays
All Replays
Popular Replays
Top Player Replays
Match Explorer
How It Works
Community
CoH3 Stats
Reddit
Sign in to upload your games and track your stats! →
Sign in with Steam
Match 45124394
Unlisted
Match 45124394
Overview
Messages
Build Orders
End
Construct Barracks
Riflemen Squad
M1 Mortar Team
Riflemen Squad
Infantry Support Center
Grenade Package
Construct Medical Station
Construct Motor Pool
M1 Anti-tank Gun Team
M1 Anti-tank Gun Team
Selects Advanced Infantry Battlegroup
Selects Convert to Ranger Squad
Selects Frontline Medical Station
SMOKO
DarkBlaze
JarJarWick
MindfulRaptor
Mansonfreakss
Felippe
0
0
Comments
sign in to comment!
No comments posted yet!